 Dungeon Crawl Stone Soup version 0.29.1-12-g30fa7ad0bf (webtiles) character file.

Game seed: 12811962604526679603

53 retardedninja the Trooper (level 3, -3/33 HPs)
             Began as a Hill Orc Fighter on Jan 5, 2023.
             Slain by Sigmund
             ... wielding a +0 scythe
              (9 damage)
             ... on level 2 of the Dungeon.
             The game lasted 00:01:54 (1318 turns).

retardedninja the Trooper (Hill Orc Fighter)        Turns: 1318, Time: 00:01:55

Health: -3/33      AC: 10    Str: 20    XL:     3   Next: 89%
Magic:  3/3        EV:  6    Int:  8    God:
Gold:   33         SH:  4    Dex: 10    Spells: 2/2 levels left

rFire   + . .      SeeInvis .   a - +0 war axe
rCold   . . .      Faith    .   c - +0 buckler
rNeg    . . .      Spirit   .   b - +0 scale mail
rPois   .          Reflect  .   (no helmet)
rElec   .          Harm     .   (no cloak)
rCorr   .          Rampage  .   (no gloves)
Will    .....                   h - +2 pair of boots
Stlth   ..........              (no amulet)
HPRegen 0.11/turn               e - ring of protection from fire
MPRegen 0.08/turn               (no ring)

@: mighty, grasped by roots, constricted
A: no striking features
a: no special abilities


You were on level 2 of the Dungeon.
You visited 1 branch of the dungeon, and saw 2 of its levels.

You collected 33 gold pieces.

Inventory:

Hand Weapons
 a - a +0 war axe (weapon)
Armour
 b - a +0 scale mail (worn)
 c - a +0 buckler (worn)
 h - a +2 pair of boots (worn)
Jewellery
 e - a ring of protection from fire (left hand)
 k - a ring of magical power
Scrolls
 f - a scroll of fear {unknown}
 g - a scroll of identify {unknown}
 i - a scroll of vulnerability {unknown}
 l - a scroll of immolation {unknown}
Potions
 j - a potion of curing {unknown}


   Skills:
 + Level 4.2 Fighting
 + Level 3.5 Axes
 + Level 3.8 Armour
 + Level 3.9 Shields


You had 2 spell levels left.
You didn't know any spells.
Your spell library was empty.

Dungeon Overview and Level Annotations

Branches:
Dungeon (2/15)

Altars:

Shops:
D:1 =

Annotations:
D:2 Sigmund


Message History

You kill the ball python!
Sigmund says, "I'm your fate."
Sigmund casts a spell.
Sigmund flickers and vanishes!
Deactivating autopickup; reactivate with Ctrl-A.
Something hits you.
You miss something. Something hits you.
You closely miss something.
You hear a zap.
The roots erupt in riotous growth!
The grasping roots grab you!
You are constricted.
Something hits you but does no damage.
You are constricted.
You slash something!
A ball python comes into view.
You hit something.
You are constricted.
Something hits you but does no damage.
You are constricted.
The grasping roots release their grip on you.
You barely miss something. Something hits you.
You barely miss something. You miss something.
Something hits you but does no damage.
You slash something! You barely miss the ball python.
The ball python barely misses you. x2
You hear a zap.
The roots erupt in riotous growth!
The grasping roots grab you!
The ball python is unaffected.
You are constricted.
The ball python completely misses you. Something completely misses you.
You are constricted.
* * * LOW HITPOINT WARNING * * *
You closely miss something. You slash the ball python!
You kill the ball python!
You hear some strange, mumbled words.
A magic dart appears from out of thin air!
The magic dart hits you.
* * * LOW HITPOINT WARNING * * *
You are constricted.
* * * LOW HITPOINT WARNING * * *
You miss something. Something hits you!
You die...

#.....# #.....#
#.....# #.....#
####.....#
#........# .
#...{....#####..
#...@...........
..>......#.........
########.#.......##
#.#.[.......
#.#.......## #.
#.#.####### #.
#.#.##########.#.
#.#..............
#...............#


There were no monsters in sight!

Vanquished Creatures
  An adder (D:2)
  A worm (D:2)
  2 dart slugs (D:1)
  4 ball pythons
  3 endoplasms
  A giant cockroach (D:1)
  6 hobgoblins (D:1)
  2 jackals (D:1)
  3 kobolds
  2 quokkas (D:1)
  4 bats
  A frilled lizard (D:2)
  5 rats
35 creatures vanquished.

Notes
Turn   | Place    | Note
-------+----------+-------------------------------------------
     0 | D:1      | retardedninja the Hill Orc Fighter began the quest for the
                  | Orb.
     0 | D:1      | Reached XP level 1. HP: 19/19 MP: 1/1
   396 | D:1      | Found a faded altar of an unknown god.
   443 | D:1      | Reached XP level 2. HP: 25/27 MP: 2/2
   633 | D:1      | Found Wufym's Jewellery Emporium.
   727 | D:1      | Reached skill level 4 in Fighting
   765 | D:1      | Reached XP level 3. HP: 33/33 MP: 3/3
  1302 | D:2      | Noticed Sigmund
  1318 | D:2      | Slain by Sigmund

Illustrated notes

Levels and vault maps discovered:
D:1:      minmay_arrival_glassed_features, layout_loops_cross,
          shapermc_ecumenical_altar_mp_highgroup, serial_shops, shop,
          nicolae_figureground_sparkle
D:2:      layout_basic, uniq_sigmund, uniq_crazy_yiuf_cottage

Skill      XL: |  1  2 |
---------------+-------+-----
Axes           | 3 |  3.5
Fighting       | 4 |  4.2
Armour         | |  3.8
Shields        | |  3.9

Action                   || total
-------------------------++-------
Melee: War axe           ||   118
  Use: Potion            ||     1
Armor: Scale mail        ||    62
Dodge: Dodged            ||    63
Block: Buckler           ||    24
